 Dungeon Crawl Stone Soup version 0.31-a0-175-g9f7f995f2b (webtiles) character file.

Game seed: 12108038680654602935

28 kae the Changer (level 3, 0/42 HPs)
             Began as a Draconian Transmuter on June 16, 2023.
             Succumbed to a kobold's poison
             ... on level 1 of the Dungeon.
             The game lasted 00:00:39 (754 turns).

kae the Changer (Draconian Transmuter)               Turns: 754, Time: 00:00:40

Health: 0/42       AC: 21    Str: 12    XL:     3   Next: 0%
Magic:  4/6        EV:  2    Int: 15    God:
Gold:   74         SH:  0    Dex: 11    Spells: 3/6 levels left

rFire   . .          .
                       - Unarmed
rCold   . . .        (no shield)
rNeg    . . .        (body armour unavailable)
rPois   +            (helmet currently unavailable)
rElec   .            (cloak currently unavailable)
rCorr   .            (gloves currently unavailable)
SInv    .            (boots currently unavailable)
Will    .....        (no amulet)
Stlth   +            (no ring)
HPRegen 0.27/turn    (no ring)
MPRegen 0.10/turn

%: no passive effects
@: lethally poisoned (0 -> -16), tree-form, attractive
A: stationary, stasis, torment immunity, boosted hp, AC +5, unfitting armour,
(cold-blooded)
a: no special abilities


You were on level 1 of the Dungeon.
You were a tree.
You visited 1 branch of the dungeon, and saw 2 of its levels.

You collected 74 gold pieces.


Innate Abilities, Weirdness & Mutations

You are a tree.
Your roots penetrate the ground, keeping you stationary.
You cannot be teleported.
You are immune to unholy pain and torment.
Your maximum health is greatly increased.
Your equipment is partially melded.
((Your plain brown scales are hard. (AC +5)))
You cannot fit into any form of body armour.
((You are cold-blooded and may be slowed by cold attacks.))


   Skills:
 - Level 1.1 Fighting
 - Level 1.7 Dodging
 - Level 3.0 Unarmed Combat
 + Level 2.4 Spellcasting
 * Level 3.1 Transmutations


You had 3 spell levels left.
You knew the following spells:

 Your Spells              Type           Power      Damage    Failure   Level
a - Beastly Appendage     Tmut           22%        N/A       6%          1
b - Wereblood             Tmut           11%        N/A       9%          2

Your spell library contained the following spells:

 Spells                   Type           Power      Damage    Failure   Level
 Spider Form              Tmut/Pois      6%         N/A       32%         3
 Ice Form                 Ice/Tmut       6%         N/A       73%         4

Inventory:

Missiles
 b - 12 stones
Scrolls
 d - a scroll of enchant armour {unknown}
Potions
 c - a potion of attraction {!q}

Dungeon Overview and Level Annotations

Branches:
Dungeon (2/15) Zot: 11248

Altars:

##..............##
#................#
#................####
#....................
#......>.........####
#................# #
#................#
#..............)##
##..♣...##.....##
##..).#####.####
##.#..........#
#.##.......#.# ###
#.###......#.###..
#.# #......#.#...#
#.# #.^....#...###
#### #######.#
#......##...#
#..###....##.#
#......#..#.##


There were no monsters in sight!


Message History

Your horns disappear.
Your talons disappear.
A kobold comes into view. It is wielding a +0 short sword.
The kobold shouts! 😎 MP[+1]
Your mp is fully restored (5).
A kobold is nearby!
A kobold is nearby!
A kobold is nearby!
Casting: Beastly Appendage (safe; 7% risk of failure)
Confirm with . or Enter, or press ? or * to list all spells.
You grow a pair of large bovine horns.
Your feet morph into talons.
The kobold hits you with a +0 short sword. 😕 HP[-1] MP[-1]
You take 1 damage, and now have 22/23 hp.
You lost 1 mp, and now have 4/5 mp.
You closely miss the kobold. You claw the kobold, but do no damage.
The kobold hits you but does no damage.
You hit the kobold but do no damage. Your kick misses the kobold.
Your headbutt misses the kobold. You tail-slap the kobold.
You kill the kobold!
Your transformation is almost over.
Your horns disappear.
Your talons disappear.
Done exploring. 😎 HP[+1] MP[+1]
Your hp is fully restored (23).
Your mp is fully restored (5).
Okay, then.
Done exploring.
Unknown command.
Done exploring.
Done exploring.
Done exploring.
(D) Dungeon
Where to? (? - help)
There is a stone staircase leading down here.
You climb downwards.
The kobold shouts!
You hear an angry hiss.
There is a stone staircase leading up here.
There are monsters nearby!
Okay, then.
Casting: Beastly Appendage (safe; 7% risk of failure)
Confirm with . or Enter, or press ? or * to list all spells.
You grow a pair of large bovine horns.
Your feet morph into talons.
The kobold hits you with a +2 dagger of venom.
You are poisoned.
You feel sick.
The kobold hits you with a +2 dagger of venom.
You are more poisoned. 😮 HP[-6] MP[-1]
You take 6 damage, and now have 17/23 hp.
MASSIVE DAMAGE!! (PAUSE)
You lost 1 mp, and now have 4/5 mp.
You feel very sick. The kobold misses you.
You climb upwards.
You feel sick.
There is a stone staircase leading down here. 😮 HP[-4]
You take 4 damage, and now have 13/23 hp.
Unknown command.
Unknown command.
You hit the kobold but do no damage. Your kick misses the kobold.
Your transformation is almost over.
You feel sick.
The kobold hits you with a +2 dagger of venom.
* * * LOW HITPOINT WARNING * * *
You are lethally poisoned! 😨 HP[-5]
You take 5 damage, and now have 8/23 hp.
MASSIVE DAMAGE!! (PAUSE) Really quaff
a - a potion of lignification {!q}?
Really quaff the potion of lignification?
Your horns disappear.
Your talons disappear.
You turn into a tree.
Your roots penetrate the ground.
* * * LOW HITPOINT WARNING * * *
You feel very sick.
The kobold hits you but does no damage. 😨 HP[+1]
You now have 34 max hp (+11).
You hit the kobold but do no damage.
* * * LOW HITPOINT WARNING * * *
You feel very sick. The kobold hits you but does no damage.
You are more poisoned. 😱 HP[-2]
You take 2 damage, and now have 7/34 hp.
You hit the kobold.
You kill the kobold!
* * * LOW HITPOINT WARNING * * *
You feel very sick.
You have reached level 3!
Your experience leads to an increase in your attributes!
Increase (S)trength, (I)ntelligence, or (D)exterity?
You feel clever. x2; Your scales feel tougher. 😱 HP[-3]
You now have 42 max hp (+8).
There is a lethal amount of poison in your body!
There is a lethal amount of poison in your body!
There is a lethal amount of poison in your body!
It was a potion of attraction.
You feel attractive to monsters.
You die...

Skill      XL: |  1  2 |
---------------+-------+-----
Transmutations | 3 |  3.1
Fighting       | |  1.1
Dodging        | |  1.7
Unarmed Combat | |  3.0
Spellcasting   | |  2.4

Action                     || total
---------------------------++-------
  Melee: Unarmed           ||    40
         Headbutt          ||     7
         Kick              ||     6
         Tailslap          ||     3
         Punch             ||     2
   Cast: Beastly Appendage ||    15
         Wereblood         ||     1
    Use: Potion            ||     2
 Armour: Skin              ||    10
  Dodge: Dodged            ||    25

Levels and vault maps discovered:
D:1:      shiori_arrival_oz, layout_rooms, nrook_mini_backslash
D:2:      layout_rooms, minmay_misc_feat_tiny

Notes
Turn   | Place    | Note
-------+----------+-------------------------------------------
     0 | D:1      | kae the Draconian Transmuter began the quest for the Orb.
     0 | D:1      | Reached XP level 1. HP: 16/16 MP: 3/3
     0 | D:1      | magus.rc [v1.11.3]
   268 | D:1      | Reached XP level 2. HP: 22/23 MP: 3/5
   428 | D:1      | Learned a level 2 spell: Wereblood
   437 | D:1      | Reached skill level 3 in Transmutations
   752 | D:1      | HP: 7/34 [poisoned by a kobold]
   753 | D:1      | HP: 3/34 [poisoned by a kobold]
   754 | D:1      | Reached XP level 3. HP: 4/28 MP: 4/6
   754 | D:1      | Succumbed to a kobold's poison

Vanquished Creatures
  A gnoll (D:1)
  A dart slug (D:1)
  4 ball pythons (D:1)
  An endoplasm (D:1)
  2 hobgoblins (D:1)
  A quokka (D:1)
  A bat (D:1)
  A frilled lizard (D:1)
  3 goblins (D:1)
  2 kobolds (D:1)
17 creatures vanquished.

Table legend:
 A = Non-vault XP
 B = Vault XP
 C = Vault XP percentage of total XP
 D = Non-vault monster count
 E = Vault monster count
 F = Vault count percentage of total count
                 A         B        C        D         E       F
            +---------+---------+-------+---------+---------+-------
      Total |      41 |       0 |   0.0 |      17 |       0 |   0.0
            +---------+---------+-------+---------+---------+-------
        D:1 |      41 |       0 |   0.0 |      17 |       0 |   0.0
            +---------+---------+-------+---------+---------+-------

Skill      XL: |  1  2 |
---------------+-------+-----
Transmutations | 3 |  3.1
Fighting       | |  1.1
Dodging        | |  1.7
Unarmed Combat | |  3.0
Spellcasting   | |  2.4

Action                     || total
---------------------------++-------
  Melee: Unarmed           ||    40
         Headbutt          ||     7
         Kick              ||     6
         Tailslap          ||     3
         Punch             ||     2
   Cast: Beastly Appendage ||    15
         Wereblood         ||     1
    Use: Potion            ||     2
 Armour: Skin              ||    10
  Dodge: Dodged            ||    25

Illustrated notes

Table legend:
 A = Kills in this place as a percentage of kills in the entire game.
 B = Kills by you in this place as a percentage of kills by you in the entire game.
 C = Kills by friends in this place as a percentage of kills by friends in the entire game.
 D = Other kills in this place as a percentage of other kills in the entire game.
 E = Experience gained in this place as a percentage of experience gained in the entire game.
 F = Experience gained in this place divided by the number of levels of this place that you have seen.
                   A       B       C       D       E      F
               +-------+-------+-------+-------+-------+----------------------
         Total | 100.0 | 100.0 |   N/A |   N/A | 100.0 |  20.5
       Dungeon | 100.0 | 100.0 |   N/A |   N/A | 100.0 |  20.5
               +-------+-------+-------+-------+-------+----------------------

Table legend: (Time is in decaauts)
 A = Elapsed time spent in this place.
 B = Non-inter-level travel time spent in this place.
 C = Inter-level travel time spent in this place.
 D = Time resting spent in this place.
 E = Time spent auto-exploring this place.
 F = Levels seen in this place.
 G = Mean time per level.
                   A        B        C        D        E       F      G
               +--------+--------+--------+--------+--------+-----+--------+
         Total |    752 |    705 |     47 |      0 |    577 |   2 |  376.0 |
       Dungeon |    752 |    705 |     47 |      0 |    577 |   2 |  376.0 |
               +--------+--------+--------+--------+--------+-----+--------+

Top non-repeatable levels by time:
     D:1: 748 daAuts
     D:2: 3 daAuts
